 Dungeon Crawl Stone Soup version 0.29.1-1-gd02db6906a (console) character file.

Game seed: 9730497687914929240

404 om the Poker (level 6, -1/72 HPs)
             Began as a Merfolk Berserker on Sept 30, 2022.
             Was a Believer of Trog.
             Slain by a worm (3 damage)
             ... on level 4 of the Dungeon.
             The game lasted 00:06:38 (3958 turns).

om the Poker (Merfolk Berserker)                    Turns: 3958, Time: 00:06:39

Health: -1/72      AC:  7    Str: 19    XL:     6   Next: 86%
Magic:  6/6        EV: 12    Int:  6    God:    Trog [**....]
Gold:   197        SH:  0    Dex: 20    Spells: 5/5 levels left

rFire   . . .      SeeInvis +   o - +0 trident (venom)
rCold   . . .      Faith    .   (no shield)
rNeg    . . .      Spirit   .   p - +1 scale mail
rPois   .          Reflect  .   (no helmet)
rElec   .          Harm     .   (no cloak)
rCorr   .          Rampage  .   (no gloves)
Will    .....                   (no boots)
Stlth   ..........              (no amulet)
HPRegen 0.22/turn               d - ring of see invisible
MPRegen 0.10/turn               n - +6 ring of dexterity

@: berserking (expiring), very quick
A: (nimble swimmer 2), mertail
a: Renounce Religion, Berserk, Trog's Hand


You were on level 4 of the Dungeon.
You worshipped Trog.
Trog was pleased with you.
You visited 1 branch of the dungeon, and saw 4 of its levels.

You collected 197 gold pieces.

Inventory:

Hand Weapons
 o - a +0 trident of venom (weapon)
Armour
 p - a +1 scale mail (worn)
Jewellery
 d - a ring of see invisible (left hand)
 n - a +6 ring of dexterity (right hand)
Wands
 a - a wand of flame (29)
Scrolls
 h - a scroll of amnesia
Potions
 c - a potion of brilliance {unknown}
 e - a potion of lignification {unknown}
 f - a potion of flight {unknown}
 j - a potion of degeneration {unknown}
 k - 2 potions of cancellation {unknown}
 l - a potion of attraction {unknown}
 m - 4 potions of heal wounds {unknown}


   Skills:
 - Level 4.0 Fighting
 * Level 7.2 Polearms
 + Level 2.8 Armour
 + Level 5.0 Dodging


You had 5 spell levels left.
You didn't know any spells.
Your spell library was empty.

Dungeon Overview and Level Annotations

Branches:
Dungeon (4/15)
 Temple: D:4-7

Altars:
Qazlal

Annotations:
D:3 3 runed translucent doors, Braxton's ghost, amateur MfSu


Innate Abilities, Weirdness & Mutations

((You are very nimble when in or above water. (Stealth+, EV+, Speed+++)))
Your lower body shifts to a powerful aquatic tail in water.


Message History

The orc wizard hits you but does no damage.
The orc priest looks satisfied for a moment.
The orc hits you with a +0 morningstar!
* * * LOW HITPOINT WARNING * * *
You closely miss the orc priest.
The orc priest is severely wounded.
Unknown command.
You are too injured to fight recklessly!
You barely miss the orc priest.
The orc priest is severely wounded.
The orc wizard hits you but does no damage.
The orc priest casts a cantrip, but nothing happens.
The orc barely misses you. The orc completely misses you.
A kobold comes into view. It is wielding a +0 short sword.
You impale the orc priest!!
You kill the orc priest!
Trog accepts your kill. The orc wizard misses you. The orc barely misses you.
The orc hits you but does no damage.
Your Dodging skill increases to level 5!
You closely miss the giant cockroach. The giant cockroach barely misses you.
You puncture the orc wizard!
The orc wizard is poisoned.
The orc wizard is severely wounded.
The orc wizard hits you but does no damage.
The orc hits you with a +0 morningstar.
* * * LOW HITPOINT WARNING * * *
The orc closely misses you.
You barely miss the endoplasm.
The giant cockroach bites you but does no damage.
The orc wizard hits you but does no damage.
The endoplasm hits you but does no damage.
The orc closely misses you. The orc misses you.
You puncture the endoplasm!
You kill the endoplasm!
Trog accepts your kill. The giant cockroach closely misses you.
The orc wizard closely misses you.
The giant cockroach bites you but does no damage.
The worm bites you.
You die...

#.......# #<##.##.#
#### #.##.##<####...
# ###.#...†††......
#. #..!...).........
#.###.#...###.####.##
####..$........(.#
#.#
........).....####
#.# #...#.o@#...#.#
#.# #..Bow###..# #.#
#.K.#o# ...# #.#
#'.....'# ..... ...
#...##.##...#.##.
..#. .. ....w# # # #
#.. ...#.. #$" .... .
### ...#.


You could see a worm, an orc wizard (invisible, very poisoned), 2 orcs, a giant
cockroach and a kobold.

Vanquished Creatures
  A scorpion (D:4)
  A howler monkey (D:4)
  A jelly (D:4)
  A hound (D:3)
  A gnoll bouda (D:3)
  An orc priest (D:4)
  An iguana (D:4)
  Terence (D:2)
  A gnoll (D:1)
  6 adders
  An ufetubus (D:4)
  6 orcs
  6 endoplasms
  4 giant cockroaches
  4 hobgoblins
  4 jackals (D:3)
  A quokka (D:2)
  4 ball pythons
  4 bats
  3 frilled lizards
  4 goblins
  7 kobolds
  4 rats
67 creatures vanquished.

Notes
Turn   | Place    | Note
-------+----------+-------------------------------------------
     0 | D:1      | om the Merfolk Berserker began the quest for the Orb.
     0 | D:1      | Reached XP level 1. HP: 18/18 MP: 1/1
   415 | D:1      | Reached XP level 2. HP: 20/24 MP: 2/2
  1221 | D:2      | Reached XP level 3. HP: 29/29 MP: 3/3
  1509 | D:2      | Found a faded altar of an unknown god.
  1791 | D:2      | Noticed Terence
  1802 | D:2      | Killed Terence
  1803 | D:2      | Reached skill level 5 in Polearms
  1803 | D:2      | Reached XP level 4. HP: 37/37 MP: 4/4
  2465 | D:3      | Found a stormy altar of Qazlal.
  2784 | D:3      | Noticed Braxton's ghost (amateur MfSu)
  2794 | D:3      | Found a runed translucent gate.
  2794 | D:3      | Found a runed translucent gate.
  2795 | D:3      | Found a runed translucent gate.
  2989 | D:3      | Reached ** piety under Trog
  3466 | D:4      | Reached XP level 5. HP: 38/42 MP: 5/5
  3516 | D:4      | Reached skill level 6 in Polearms
  3644 | D:3      | Reached XP level 6. HP: 40/48 MP: 6/6
  3929 | D:4      | Reached skill level 7 in Polearms
  3950 | D:4      | HP: 3/72 [orc/+0 morningstar (8)]
  3954 | D:4      | Reached skill level 5 in Dodging
  3955 | D:4      | HP: 2/72 [orc/+0 morningstar (2)]
  3958 | D:4      | Slain by a worm

Illustrated notes

Levels and vault maps discovered:
D:1:      saegor_arrival_simple_a, layout_loops_corners
D:2:      layout_basic, dreamdust_ecumenical_altar_grove, uniq_terence
D:3:      cheibrodos_old_hovel, layout_loops_corners,
          mainiacjoe_overflow_cross_hatched, gammafunk_ghost_split
D:4:      layout_loops_ring, dk_yredelemnul_ordeal,
          minmay_temple_entry_crystal_x, minmay_shop_grid_forest,
          minmay_fractal_squares_diagonal_5, uniq_duvessa, uniq_pikel

Skill      XL: |  1  2  3  4  5  6 |
---------------+-------------------+-----
Dodging        | 3 4 5 |  5.0
Polearms       | 5 6 7 |  7.2
Armour         | 2 |  2.8
Fighting       | 4 |  4.0

Action                   |  1- 3 |  4- 6 || total
-------------------------+-------+-------++-------
Melee: Spear             |   102 |       ||   102
       Punch             |     1 |       ||     1
       Trident           |       |   126 ||   126
Invok: Berserk           |     2 |     3 ||     5
  Use: Scroll            |       |     6 ||     6
 Stab: Sleeping          |     1 |       ||     1
Armor: Animal skin       |     3 |       ||     3
       Ring mail         |    22 |       ||    22
       Scale mail        |       |    53 ||    53
Dodge: Dodged            |    53 |    86 ||   139
